 Dungeon Crawl Stone Soup version 0.30.1 (webtiles) character file.

Game seed: 13721420305007732827

1449 Fodor the Carver (level 8, -5/70 HPs)
             Began as a Minotaur Fighter on July 13, 2023.
             Shot with an arrow by a centaur (9 damage)
             ... on level 5 of the Dungeon.
             The game lasted 00:25:20 (5358 turns).

Fodor the Carver (Minotaur Fighter)                 Turns: 5358, Time: 00:25:21

Health: -5/70      AC: 16    Str: 24    XL:     8   Next: 46%
Magic:  7/7        EV: 22    Int: 11    God:
Gold:   223        SH:  4    Dex:  9    Spells: 7/7 levels left

rFire   . . .        C - +5 flail (heavy)
rCold   . . .        c - +0 buckler
rNeg    . . .        o - +0 plate armour
rPois   .            y - +2 hat
rElec   .            (no cloak)
rCorr   .            (no gloves)
SInv    .            n - +0 pair of boots
Will    .....        g - amulet of the acrobat Stlth
                     m - +6 ring of intelligence
HPRegen 0.31/turn    (no ring)
MPRegen 0.10/turn

%: acrobat
@: acrobatic
A: horns 2, retaliatory headbutt
a: no special abilities


You were on level 5 of the Dungeon.
You visited 1 branch of the dungeon, and saw 5 of its levels.

You collected 223 gold pieces.

Inventory:

Hand Weapons
 C - a +5 heavy flail (weapon)
Missiles
 e - 2 javelins (quivered)
 f - 12 poisoned darts
Armour
 c - a +0 buckler (worn)
 n - a +0 pair of boots (worn)
 o - a +0 plate armour (worn)
 y - a +2 hat (worn)
Jewellery
 a - an amulet of magic regeneration
 g - an amulet of the acrobat (around neck)
 m - a +6 ring of intelligence (left hand)
Wands
 q - a wand of mindburst (8)
Scrolls
 h - a scroll of magic mapping
 i - 2 scrolls of acquirement
 v - a scroll of silence
 w - a scroll of blinking
 z - 3 scrolls of butterflies {unknown}
 B - a scroll of torment {unknown}
Potions
 d - 3 potions of might
 j - a potion of lignification
 k - 3 potions of brilliance
 l - a potion of mutation {unknown}
 p - a potion of flight {unknown}
 r - a potion of resistance {unknown}
 s - 3 potions of curing {unknown}
 t - a potion of ambrosia {unknown}
 u - 2 potions of haste
 A - a potion of magic {unknown}


   Skills:
 + Level 5.8 Fighting
 + Level 8.2 Long Blades
 + Level 1.2 Maces & Flails
 + Level 0.3 Throwing
 + Level 7.8 Armour
 + Level 2.1 Dodging
 + Level 0.4 Stealth
 + Level 5.3 Shields


You had 7 spell levels left.
You didn't know any spells.
Your spell library contained the following spells:

 Spells                   Type           Power      Damage    Failure   Level
 Summon Small Mammal      Summ           0%         N/A       99%         1
 Call Canine Familiar     Summ           0%         N/A       100%        3
 Hailstorm                Conj/Ice       0%         3d3       100%        3
 Summon Guardian Golem    Hex/Summ       0%         N/A       100%        3
 Animate Armour           Summ/Erth      0%         N/A       100%        4
 Ice Form                 Ice/Tmut       0%         N/A       100%        4
 Blade Hands              Tmut           0%         N/A       100%        5
 Iron Shot                Conj/Erth      0%         9d1       100%        6
 Simulacrum               Ice/Necr       0%         N/A       100%        6


Dungeon Overview and Level Annotations

Branches:
Dungeon (5/15)
 Temple: D:4-7

Altars:

Shops:
D:4 *

Annotations:
D:5 turdburglar's ghost, novice VSFi


Innate Abilities, Weirdness & Mutations

You have a pair of horns on your head.
You reflexively headbutt those who attack you in melee.


Message History

The black bear claws you but does no damage.
You block the black bear's attack.
The centaur shoots an arrow.
The arrow hits you but does no damage.
You hit turdburglar's ghost but do no damage.
Your headbutt misses turdburglar's ghost.
Turdburglar's ghost is lightly damaged.
You block turdburglar's ghost's attack. The black bear bites you.
You block the black bear's attack. The black bear claws you.
The centaur unwields a +0 shortbow.
The centaur hits you but does no damage.
The centaur kicks you but does no damage.
Turdburglar's ghost hits you.
* * * LOW HITPOINT WARNING * * *
Turdburglar's ghost freezes you.
* * * LOW HITPOINT WARNING * * *
The black bear bites you.
* * * LOW HITPOINT WARNING * * *
The black bear claws you but does no damage. x2
Blink to where?
Press: ? - help, Dir - move target
As you read the scroll of blinking, it crumbles to dust.
The centaur wields a +0 shortbow.
The centaur shoots an arrow.
The arrow hits you but does no damage.
The centaur shoots an arrow.
The arrow misses you.
The centaur shoots an arrow.
The arrow misses you.
The centaur shoots an arrow.
The arrow hits you!
* * * LOW HITPOINT WARNING * * *
The centaur shoots an arrow.
The arrow misses you.
The centaur shoots an arrow.
The arrow hits you.
* * * LOW HITPOINT WARNING * * *
The centaur shoots an arrow.
The arrow hits you but does no damage.
The centaur shoots an arrow.
You block the arrow.
The centaur shoots an arrow.
The arrow completely misses you.
The centaur shoots an arrow.
You block the arrow.
The centaur shoots an arrow.
The arrow misses you.
The centaur shoots an arrow.
The arrow completely misses you.
The centaur shoots an arrow.
The arrow hits you.
* * * LOW HITPOINT WARNING * * *
The centaur shoots an arrow.
The arrow hits you!
You die...

#.######.#########.......#
#....................#####
########.##..........#
#.##..........#
###.##.......>..#
#.......)#.....##
#....>...#.####### #
#........#.##....# #
#....@...#.##....#####
#........#.##.........
#........#.##.........
#........#>#####......
#..........# #......
#######c#### #...... #W#
#.....[ #h# #######....#
#g# #..^.......#


You could see a black bear, a centaur and turdburglar's ghost.

Vanquished Creatures
  Sigmund (D:2)
  Menkaure (D:5)
  Edmund (D:5)
  An ice beast (D:5)
  A black bear (D:5)
  An ogre (D:4)
  A phantom (D:4)
  A bullfrog (D:4)
  A hound (D:5)
  An orc priest (D:3)
  Crazy Yiuf (D:2)
  Ijyb (D:5)
  5 iguanas
  A gnoll bouda (D:5)
  A sleepcap (D:4)
  3 orc wizards (D:3)
  Robin (D:2)
  10 gnolls
  9 adders
  An ufetubus (D:5)
  2 worms
  5 dart slugs
  2 orcs
  3 bats
  6 endoplasms
  A giant cockroach (D:3)
  14 goblins
  11 hobgoblins
  2 jackals (D:1)
  3 quokkas
  7 ball pythons
  A frilled lizard (D:3)
  11 kobolds
  6 rats
117 creatures vanquished.

Notes
Turn   | Place    | Note
-------+----------+-------------------------------------------
     0 | D:1      | Fodor the Minotaur Fighter began the quest for the Orb.
     0 | D:1      | Reached XP level 1. HP: 19/19 MP: 0/0
   135 | D:1      | Reached XP level 2. HP: 23/27 MP: 1/1
   371 | D:1      | Reached skill level 3 in Long Blades
   371 | D:1      | Reached XP level 3. HP: 33/33 MP: 2/2
   812 | D:2      | Noticed Sigmund
   822 | D:2      | Killed Sigmund
   823 | D:2      | Reached skill level 4 in Long Blades
   823 | D:2      | Reached skill level 1 in Dodging
   823 | D:2      | Reached XP level 4. HP: 9/40 MP: 3/3
   823 | D:2      | Reached XP level 5. HP: 10/46 MP: 4/4
  1049 | D:2      | Reached skill level 5 in Armour
  1070 | D:2      | Noticed Robin
  1118 | D:2      | Killed Robin
  1124 | D:2      | Reached skill level 5 in Long Blades
  1609 | D:2      | Found a runed translucent door.
  1610 | D:2      | Noticed Crazy Yiuf
  1626 | D:2      | Killed Crazy Yiuf
  1627 | D:2      | Reached XP level 6. HP: 31/52 MP: 5/5
  2047 | D:3      | Identified the +1 ring mail "Kouxzero" {rC+ MP-9 SInv}
  2170 | D:3      | HP: 2/53 [something/magic dart (6)]
  3245 | D:4      | Found Ea-nāṣir's Fine Metal Goods.
  3296 | D:4      | Identified a scroll of acquirement
  3511 | D:4      | Reached XP level 7. HP: 49/60 MP: 6/6
  3516 | D:4      | Reached skill level 6 in Long Blades
  4005 | D:4      | Reached skill level 5 in Fighting
  4005 | D:4      | Reached skill level 7 in Long Blades
  4408 | D:5      | Entered Level 5 of the Dungeon
  4431 | D:5      | Noticed Edmund
  4444 | D:5      | Killed Edmund
  4445 | D:5      | Reached XP level 8. HP: 56/68 MP: 7/7
  4494 | D:5      | Noticed turdburglar's ghost (novice VSFi)
  4501 | D:5      | Found a runed translucent gate.
  4501 | D:5      | Found a runed translucent gate.
  4503 | D:5      | Found a runed translucent gate.
  4618 | D:5      | Reached skill level 5 in Shields
  5028 | D:5      | Reached skill level 8 in Long Blades
  5038 | D:5      | Noticed Menkaure
  5042 | D:5      | Noticed Ijyb
  5044 | D:5      | Killed Menkaure
  5045 | D:5      | Reached skill level 1 in Maces & Flails
  5047 | D:5      | Killed Ijyb
  5347 | D:5      | HP: 1/70 [centaur/arrow (4)]
  5356 | D:5      | HP: 3/70 [centaur/arrow (1)]
  5358 | D:5      | Shot with an arrow by a centaur

Illustrated notes

Levels and vault maps discovered:
D:1:      spicycebolla_arrival_transporter_tutorial, layout_loops_ring,
          hex_tiny, nicolae_grassy_gnolls
D:2:      layout_loops_cross, uniq_robin, uniq_crazy_yiuf_cottage, uniq_sigmund
D:3:      layout_basic
D:4:      layout_basic, nicolae_ea-nasir_strikes_again
D:5:      layout_basic, pdpol_wu_jian_five_deadly_venoms, gammafunk_ghost_split,
          uniq_menkaure, uniq_duvessa, uniq_ijyb, uniq_edmund

Skill      XL: |  1  2  3  4  5  6  7  8 |
---------------+-------------------------+-----
Armour         | 4 5 6 7 |  7.8
Long Blades    | 3 4 5 7 8 |  8.2
Fighting       | 4 5 |  5.8
Dodging        | 1 2 |  2.1
Shields        | 4 5 |  5.3
Maces & Flails | 1 |  1.2
Throwing       | |  0.3
Stealth        | |  0.4

Action                     |  1- 3 |  4- 6 |  7- 9 || total
---------------------------+-------+-------+-------++-------
  Melee: Long sword        |    67 |   190 |    68 ||   325
         Headbutt          |    11 |    21 |    30 ||    62
         Flail             |       |       |    37 ||    37
  Throw: Javelin           |     3 |     2 |       ||     5
    Use: Scroll            |       |     7 |     4 ||    11
         Potion            |       |     3 |       ||     3
 Armour: Scale mail        |    28 |    34 |       ||    62
         Plate armour      |       |   115 |   106 ||   221
         Skin              |       |    24 |       ||    24
  Dodge: Dodged            |    41 |    98 |    53 ||   192
  Block: Buckler           |    19 |    58 |    39 ||   116
